 Dungeon Crawl Stone Soup version 0.21-a0-516-gaaff437 (webtiles) character file.

93 Lanoc the Ducker (level 4, -2/34 HPs)
             Began as a Gnoll Wanderer on Dec 3, 2017.
             Slain by an orc
             ... wielding a +0 trident
              (5 damage)
             ... on level 3 of the Dungeon.
             The game lasted 00:05:09 (1780 turns).

Lanoc the Ducker (Gnoll Wanderer)                   Turns: 1780, Time: 00:05:10

Health: -2/34      AC:  3    Str: 18    XL:     4   Next: 61%
Magic:  5/5        EV: 12    Int: 11    God:
Gold:   112        SH:  9    Dex: 15    Spells: 5/5 levels left

rFire    . . .     SeeInvis .   b - +0 short sword
rCold    . . .     Gourm    .   m - +0 shield
rNeg     . . .     Faith    .   d - +0 robe
rPois    .         Spirit   .   q - +1 hat
rElec    .         Reflect  .   (no cloak)
rCorr    .         Harm     .   (no gloves)
MR       .....                  (no boots)
Stlth    ++........             (no amulet)
HPRegen  0.11/turn              (no ring)
MPRegen  0.09/turn              (no ring)

@: lethally poisoned (-2 -> -4)
A: distributed training, fangs 1, strong nose
a: no special abilities


You were on level 3 of the Dungeon.
You were not hungry.

You visited 1 branch of the dungeon, and saw 3 of its levels.

You collected 112 gold pieces.

Inventory:

Hand Weapons
 b - a +0 short sword (weapon)
Armour
 d - a +0 robe (worn)
 m - a +0 shield (worn)
 q - a +1 hat (worn)
Scrolls
 c - a scroll of identify
 h - a scroll of remove curse
 k - 2 scrolls of teleportation
 n - a scroll of enchant weapon {unknown}
 r - a scroll of blinking {unknown}
Potions
 e - a potion of haste {unknown}
 i - a potion of berserk rage {unknown}
 j - a potion of brilliance {unknown}
 l - 2 potions of curing {unknown}
 o - 2 potions of flight {unknown}
Books
 a - a book of Battle

   Spells                             Type                      Level
   a - Infusion                       Charms                       1
   b - Shroud of Golubria             Charms/Translocation         2
   c - Song of Slaying                Charms                       2
   d - Spectral Weapon                Hexes/Charms                 3
   e - Regeneration                   Charms/Necromancy            3
Comestibles
 f - 3 bread rations
 p - a meat ration


   Skills:
 + Level 2.8 Fighting
 + Level 2.8 Short Blades
 + Level 1.2 Long Blades
 + Level 1.2 Axes
 + Level 1.2 Maces & Flails
 + Level 1.2 Polearms
 + Level 1.2 Staves
 + Level 1.2 Slings
 + Level 1.2 Bows
 + Level 1.2 Crossbows
 + Level 2.8 Throwing
 + Level 1.2 Armour
 + Level 4.6 Dodging
 + Level 2.6 Stealth
 + Level 2.8 Shields
 + Level 1.2 Unarmed Combat
 + Level 1.2 Spellcasting
 + Level 1.0 Conjurations
 + Level 1.0 Hexes
 + Level 3.8 Charms
 + Level 1.0 Summonings
 + Level 1.0 Necromancy
 + Level 1.0 Translocations
 + Level 1.0 Transmutations
 + Level 2.2 Fire Magic
 + Level 1.0 Ice Magic
 + Level 1.0 Air Magic
 + Level 1.0 Earth Magic
 + Level 1.0 Poison Magic
 + Level 1.3 Invocations
 + Level 1.2 Evocations


You had 5 spell levels left.
You didn't know any spells.

Dungeon Overview and Level Annotations

Branches:
Dungeon (3/15)

Altars:


Innate Abilities, Weirdness & Mutations

Your experience applies equally to all skills.
You have very sharp teeth.
Your uncanny sense of smell can sniff out nearby items.


Message History

* * * LOW HITPOINT WARNING * * *
You feel sick. The orc misses you. You block the adder's attack.
You hit the adder.
You kill the adder!
Your Conjurations skill increases to level 1!
Your Hexes skill increases to level 1!
Your Summonings skill increases to level 1!
Your Necromancy skill increases to level 1!
Your Translocations skill increases to level 1!
Your Transmutations skill increases to level 1!
Your Ice Magic skill increases to level 1!
Your Air Magic skill increases to level 1!
Your Earth Magic skill increases to level 1!
Your Poison Magic skill increases to level 1!
You block the orc's attack.
You hit the orc but do no damage. You bite the orc.
The orc is moderately wounded.
* * * LOW HITPOINT WARNING * * *
You feel sick. The orc hits you with a trident.
You die...

##+#.# #.##### #....#
#.##..# .....## #.##..#
......## ##.##'####+##
.......####............
.......'...............
.......####........o...
....[.## ##.##o####+##
.....## ####%@# #...##
#..# ##+## ####


You could see an orc.

Vanquished Creatures
  5 adders
  An ooze (D:2)
  2 worms (D:2)
  A dart slug (D:1)
  An orc (D:3)
  2 giant cockroaches
  4 goblins
  5 hobgoblins
  A ball python (D:3)
  5 bats
  4 frilled lizards
  4 kobolds
  A leopard gecko skeleton (D:2)
  5 rats
41 creatures vanquished.

Notes
Turn   | Place    | Note
-------+----------+-------------------------------------------
     0 | D:1      | Lanoc the Gnoll Wanderer began the quest for the Orb.
     0 | D:1      | Lanoc set off with: a book of Battle, a +0 short sword, a +0 buckler, a +0 robe, a bread ration
     0 | D:1      | Reached XP level 1. HP: 17/17 MP: 1/1
   138 | D:1      | Reached XP level 2. HP: 22/23 MP: 2/2
   790 | D:2      | Reached XP level 3. HP: 18/28 MP: 3/3
  1213 | D:2      | Reached skill level 1 in Invocations
  1235 | D:2      | Reached skill level 1 in Long Blades
  1235 | D:2      | Reached skill level 1 in Axes
  1235 | D:2      | Reached skill level 1 in Maces & Flails
  1235 | D:2      | Reached skill level 1 in Polearms
  1235 | D:2      | Reached skill level 1 in Staves
  1235 | D:2      | Reached skill level 1 in Slings
  1235 | D:2      | Reached skill level 1 in Bows
  1235 | D:2      | Reached skill level 1 in Crossbows
  1235 | D:2      | Reached skill level 1 in Armour
  1235 | D:2      | Reached skill level 1 in Unarmed Combat
  1235 | D:2      | Reached skill level 1 in Spellcasting
  1235 | D:2      | Reached skill level 1 in Evocations
  1235 | D:2      | Reached XP level 4. HP: 30/34 MP: 5/5
  1778 | D:3      | Reached skill level 1 in Conjurations
  1778 | D:3      | Reached skill level 1 in Hexes
  1778 | D:3      | Reached skill level 1 in Summonings
  1778 | D:3      | Reached skill level 1 in Necromancy
  1778 | D:3      | Reached skill level 1 in Translocations
  1778 | D:3      | Reached skill level 1 in Transmutations
  1778 | D:3      | Reached skill level 1 in Ice Magic
  1778 | D:3      | Reached skill level 1 in Air Magic
  1778 | D:3      | Reached skill level 1 in Earth Magic
  1778 | D:3      | Reached skill level 1 in Poison Magic
  1780 | D:3      | Slain by an orc

Vault maps used:
D:1:      tarquinn_simple_flora_water_d
D:2:      first_bread
D:3:      makhleb_grotto_becter, nicolae_overflow_quartered_altars,
          minmay_snake_closets

Skill      XL: |  1  2  3  4 |
---------------+-------------+-----
Fire Magic     | 2 |  2.2
Invocations    | 1 |  1.3
Long Blades    | 1 |  1.2
Axes           | 1 |  1.2
Maces & Flails | 1 |  1.2
Polearms       | 1 |  1.2
Staves         | 1 |  1.2
Slings         | 1 |  1.2
Bows           | 1 |  1.2
Crossbows      | 1 |  1.2
Armour         | 1 |  1.2
Unarmed Combat | 1 |  1.2
Spellcasting   | 1 |  1.2
Evocations     | 1 |  1.2
Conjurations   | 1 |  1.0
Hexes          | 1 |  1.0
Summonings     | 1 |  1.0
Necromancy     | 1 |  1.0
Translocations | 1 |  1.0
Transmutations | 1 |  1.0
Ice Magic      | 1 |  1.0
Air Magic      | 1 |  1.0
Earth Magic    | 1 |  1.0
Poison Magic   | 1 |  1.0
Fighting       | |  2.8
Short Blades   | |  2.8
Throwing       | |  2.8
Dodging        | |  4.6
Stealth        | |  2.6
Shields        | |  2.8
Charms         | |  3.8

Action                   |  1- 3 |  4- 6 || total
-------------------------+-------+-------++-------
Melee: Short sword       |    92 |    51 ||   143
       Bite              |     9 |     5 ||    14
  Use: Scroll            |     5 |     1 ||     6
 Stab: Sleeping          |     2 |       ||     2
  Eat: Chunk             |     1 |     2 ||     3
Armor: Robe              |     7 |     4 ||    11
Dodge: Dodged            |    47 |    25 ||    72
Block: Buckler           |    13 |       ||    13
       Shield            |    19 |    26 ||    45

Table legend:
 A = Spawn XP
 B = Non-spawn XP
 C = Spawn XP percentage of total XP
 D = Spawn monster count
 E = Non-spawn monster count
 F = Spawn count percentage of total count
 G = Total turns spent on level
                    A         B        C        D         E        F      G
               +---------+---------+-------+---------+---------+-------+---------
         Total |       0 |     133 |   0.0 |       0 |      41 |   0.0 |  1780
               +---------+---------+-------+---------+---------+-------+---------
           D:1 |       0 |      31 |   0.0 |       0 |      20 |   0.0 |   726
           D:2 |       0 |      69 |   0.0 |       0 |      15 |   0.0 |   972
           D:3 |       0 |      33 |   0.0 |       0 |       6 |   0.0 |    82
               +---------+---------+-------+---------+---------+-------+---------
